[Event "*** Titled Tuesday Blitz"]
[Site "Chess.com"]
[Date "2020.04.28"]
[Round "2"]
[White "Dobuchak"]
[Black "Antipov_Mikhail_Al"]
[Result "1-0"]
[WhiteElo "2362"]
[BlackElo "2870"]
[TimeControl "180+1"]
[EndTime "10:17:23 PDT"]
[Termination "Dobuchak won on time"]

1. e4 e5 2. Nf3 Nc6 3. Nc3 Nf6 4.
Be2 d5 5. exd5 Nxd5 6. O-O Nxc3 7. bxc3 e4 8. Ne1 Bc5 9. d4 exd3 10. cxd3 O-O 11.
d4 Bd6 12. Nd3 Bf5 13. a4 Re8 14. Ba3 Bxa3 15. Rxa3 Qd6 16. Ra2 Re7 17. Bf3 Rae8 18. Nc5 b6 19. Nd3 Bxd3 20. Qxd3 Ne5 21. Qd1 Nxf3+ 22.
Qxf3 c5 23. d5 Re4 24. g3 Qxd5 25. Raa1 h5 26. Rad1 Qg5 27. Rd7 R8e7 28. Rd8+ Kh7 29. Qd3 Qg6 30. Rd5 R4e5 31. Qf3 1-0

[Event "*** Titled Tuesday Blitz"]
[Site "Chess.com"]
[Date "2020.04.28"]
[Round "2"]
[White "agrigo3"]
[Black "korbul"]
[Result "1/2-1/2"]
[WhiteElo "2315"]
[BlackElo "2600"]
[TimeControl "180+1"]
[EndTime "10:17:23 PDT"]
[Termination "Game drawn by repetition"]

1. Nf3 d5 2. g3 e6 3. Bg2 Nf6 4. O-O Be7 5. d4 O-O 6. c4 c6 7. Nbd2 Nbd7 8. b3 b6 9. Bb2 Bb7 10. Qc2 Rc8 11. e4 c5 12. e5 Ne8 13. cxd5 exd5 14.
h4 Nc7 15. Rac1 Ne6 16. Qb1 g6 17. Rfe1 Ba6 18. Nf1 cxd4 19. Rxc8 Qxc8 20. Nxd4 Ndc5 21. Rd1 Rd8 22. Ne3 Bb7 23. Bh3 a5 24. Ng4 Ne4 25. Rc1 Qd7 26. Qd3 N6c5 27. Qd1 Ne6 28.
Qd3 N4c5 29. Qd1 Ne4 30. Qd3 1/2-1/2

[Event "*** Titled Tuesday Blitz"]
[Site "Chess.com"]
[Date "2020.04.28"]
[Round "2"]
[White "zabivol_mc"]
[Black "novocane"]
[Result "1-0"]
[WhiteElo "2466"]
[BlackElo "2237"]
[TimeControl "180+1"]
[EndTime "10:17:23 PDT"]
[Termination "zabivol_mc won on time"]

1. Nf3 c5 2. g3 b6 3. Bg2 Bb7 4. O-O e6 5. c4 Nf6 6. Nc3 a6 7. b3 Be7 8. Bb2 d6 9. d4 cxd4 10. Qxd4 Nbd7 11. Rad1 Qc7 12. Qf4 O-O 13. e4 Rfe8 14.
Rfe1 Rac8 15. e5 dxe5 16. Nxe5 Nxe5 17. Bxb7 Nxc4 18. Bxc8 Qxf4 19. gxf4 Nxb2 20. Bxa6 Nxd1 21. Rxd1 Bb4 22. Na4 Nd5 23. f5 g5 24. fxe6 fxe6 25. Bc4 Nf4 26. Nxb6 Bc5 27. Nd7 Be7 28. Ne5 Bf6 29.
Ng4 Bg7 30. a4 h5 31. Ne3 1-0

[Event "*** Titled Tuesday Blitz"]
[Site "Chess.com"]
[Date "2020.04.28"]
[Round "2"]
[White "Bigfish1995"]
[Black "FelixBlohberger"]
[Result "1-0"]
[WhiteElo "3099"]
[BlackElo "2594"]
[TimeControl "180+1"]
[EndTime "10:17:24 PDT"]
[Termination "Bigfish1995 won on time"]

1. d4 f5 2. c4 Nf6 3. Nc3 e6 4. a3 b6 5. Bg5 Bb7 6. h4 Be7 7. Nh3 O-O 8. e3 Ne4 9. Nxe4 Bxe4 10. Bxe7 Qxe7 11. Ng5 Bb7 12. Qh5 h6 13. Nh3 d6 14.
Nf4 Qf7 15. Qxf7+ Kxf7 16. d5 e5 17. Ne6 Rc8 18. Bd3 e4 19. Be2 c6 20. Nd4 Kf6 21. dxc6 Nxc6 22. Nb5 Rd8 23. O-O-O Ke7 24. Rd2 Rd7 25. Rhd1 Rad8 26. g4 Ne5 27. gxf5 a6 28.
Nd4 Rc8 29. Rc2 Kf6 30. Kb1 Rdd8 31. b3 Rd7 32. Rcd2 Ke7 33. Ne6 1-0

[Event "*** Titled Tuesday Blitz"]
[Site "Chess.com"]
[Date "2020.04.28"]
[Round "2"]
[White "inegrepus"]
[Black "Mikedannnn"]
[Result "0-1"]
[WhiteElo "2282"]
[BlackElo "2525"]
[TimeControl "180+1"]
[EndTime "10:17:24 PDT"]
[Termination "Mikedannnn won by resignation"]

1. d4 g6 2. c4 Bg7 3. Nc3 c5 4. Nf3 d6 5. dxc5 Qa5 6. Bd2 Qxc5 7. e3 Nf6 8. Be2 O-O 9. O-O a6 10. Rc1 b6 11. a3 Bb7 12. b4 Qc7 13. Nd5 Qd8 14.
e4 e6 15. Nxf6+ Bxf6 16. Be3 Bxe4 17. Bd4 e5 18. Bb2 Bb7 19. Qd2 Qc7 20. Rfd1 Be7 21.
Qh6 Nd7 22. Ng5 Nf6 23. Rc3 Rfe8 24. Rh3 Bf8 25. Qh4 h6 26. Nf3 Bg7 27. g4 g5 28.
Nxg5 hxg5 29. Qxg5 Be4 30. Bd3 Bxd3 31. Rdxd3 Qxc4 32.
Rdf3 Qxg4+ 33. Rhg3 Qxg5 34. Rxg5 Kf8 35. Rfg3 Bh6 36.
Rf5 Ke7 37. Rgf3 Rg8+ 38. Kf1 Bg7 39. Rc3 Rac8 40. f4 Rxc3 41. Bxc3 Ke6 42. Rg5 Ne4 0-1

[Event "*** Titled Tuesday Blitz"]
[Site "Chess.com"]
[Date "2020.04.28"]
[Round "2"]
[White "violetflower04"]
[Black "Olga_Girya"]
[Result "0-1"]
[WhiteElo "2205"]
[BlackElo "2445"]
[TimeControl "180+1"]
[EndTime "10:17:24 PDT"]
[Termination "Olga_Girya won by checkmate"]

1. b3 d5 2. Bb2 Nf6 3. Nf3 Bf5 4.
e3 h6 5. c4 e6 6. Nc3 Be7 7.
Be2 c6 8. O-O O-O 9. d3 Nbd7 10.
Re1 Bh7 11. Bf1 Re8 12. cxd5 exd5 13. Ne2 Bb4 14. Nc3 Qa5 15. Qc1 Bd6 16. a3 Qb6 17.
b4 a5 18. bxa5 Rxa5 19. Nd4 Nc5 20. Rd1 Qa7 21. Qc2 Ra8 22. Nb3 Nxb3 23. Qxb3 b5 24. a4 bxa4 25. Qc2 a3 26. Bc1 Nd7 27. Qa2 Qc7 28.
Nb1 Bxh2+ 29. Kh1 Be5 30. d4 Bxb1 31. Rxb1 Bd6 32. Ra1 Qd8 33. Rd3 Qh4+ 34. Kg1 Qh2# 0-1

[Event "*** Titled Tuesday Blitz"]
[Site "Chess.com"]
[Date "2020.04.28"]
[Round "2"]
[White "Zq1"]
[Black "GM_dmitrij"]
[Result "1-0"]
[WhiteElo "2602"]
[BlackElo "2984"]
[TimeControl "180+1"]
[EndTime "10:17:25 PDT"]
[Termination "Zq1 won by resignation"]

1. d4 Nf6 2. c4 e6 3. Nc3 Bb4 4. e3 O-O 5. Bd3 c5 6. Ne2 d5 7. cxd5 exd5 8. a3 Bxc3+ 9. bxc3 b6 10. O-O Ba6 11. f3 Re8 12. Ng3 Qc8 13. e4 cxd4 14. cxd4 Qc3 15. Bxa6 Nxa6 16. Bg5 Qc6 17. e5 Nd7 18. f4 Rac8 19. Nf5 f6 20. Bh4 Rc7 21. Qg4 g6 22. Nd6 f5 23. Nxf5 Qe6 24. Nh6+ Kg7 25. f5 Qc6 26. f6+ Kf8 27. Nf5 Qe6 28. Qg5 Ndb8 29. Nd6 Rd8 30. Qh6+ Kg8 31. f7+ Rxf7 32.
Nxf7 1-0

[Event "*** Titled Tuesday Blitz"]
[Site "Chess.com"]
[Date "2020.04.28"]
[Round "2"]
[White "GMKrikor"]
[Black "Gubajdullin"]
[Result "1-0"]
[WhiteElo "2715"]
[BlackElo "2481"]
[TimeControl "180+1"]
[EndTime "10:17:25 PDT"]
[Termination "GMKrikor won by resignation"]

1. Nf3 d5 2. c4 c6 3. e3 Nf6 4. Nc3 a6 5. d4 Bg4 6. h3 Bh5 7. Qb3 Ra7 8. cxd5 cxd5 9. g4 Bg6 10. g5 Ne4 11. Qxd5 Qxd5 12. Nxd5 e6 13. Nc3 Bb4 14. Bd2 Nxd2 15. Kxd2 h6 16. Bd3 Bh5 17. Ne5 hxg5 18. a3 Ba5 19. b4 Bd8 20. Rac1 Nd7 21. Ne4 Nxe5 22. dxe5 Ra8 23. Nd6+ Ke7 24. Be4 Bb6 25. Nxb7 Rac8 26. Nd6 Rxc1 27. Rxc1 f6 28. Rc6 Bd8 29. Rxa6 fxe5 30. Nc4 Kf6 31. Ra8 Ke7 32. a4 Rf8 33.
Ke1 g4 34. hxg4 Bxg4 35. a5 Rh8 36. a6 Rh4 37. Rxd8 Kxd8 38. a7 1-0

[Event "*** Titled Tuesday Blitz"]
[Site "Chess.com"]
[Date "2020.04.28"]
[Round "2"]
[White "arctic_t00"]
[Black "hamelekh"]
[Result "0-1"]
[WhiteElo "2466"]
[BlackElo "2696"]
[TimeControl "180+1"]
[EndTime "10:17:27 PDT"]
[Termination "hamelekh won by resignation"]

1. d4 Nf6 2. Nf3 e6 3. e3 b6 4. Bd3 Ba6 5. Bxa6 Nxa6 6. O-O c6 7. c4 Nc7 8. Nc3 Bb4 9. Qb3 Bxc3 10. Qxc3 O-O 11.
b3 Rc8 12. Ba3 Re8 13. Qd3 d6 14. e4 d5 15. e5 Nd7 16. Rad1 c5 17. Rfe1 dxc4 18.
bxc4 cxd4 19. Qxd4 Nb8 20. Qg4 Nd7 21. Rd4 Na6 22.
Red1 Rc7 23. h4 Qc8 24. h5 h6 25. Bd6 Rb7 26. Qg3 f5 27. exf6 Nxf6 28. Qg6 Nc5 29. Be5 Rf7 30. Rf4 Ref8 31. Bd6 Rd7 32. Kh2 Qe8 33. Qc2 Qxh5+ 34. Rh4 Qf5 35. Bxf8 Qxc2 36.
Rxd7 Ncxd7 37. Bd6 g5 38. Rxh6 Ng4+ 0-1

[Event "*** Titled Tuesday Blitz"]
[Site "Chess.com"]
[Date "2020.04.28"]
[Round "2"]
[White "Alopekos"]
[Black "ZAbdumalik"]
[Result "1-0"]
[WhiteElo "2386"]
[BlackElo "2644"]
[TimeControl "180+1"]
[EndTime "10:17:27 PDT"]
[Termination "Alopekos won by resignation"]

1. e4 e5 2. Nf3 Nc6 3. Bb5 a6 4.
Ba4 Nf6 5. O-O Be7 6. Re1 b5 7. Bb3 O-O 8. a4 Bb7 9. axb5 axb5 10. Rxa8 Qxa8 11. Nc3 Na5 12. Ba2 d6 13. d3 b4 14.
Ne2 c5 15. Ng3 b3 16. Bxb3 Nxb3 17. cxb3 Re8 18. Nf5 Bf8 19. Bg5 Nd7 20. Nd2 d5 21.
Qg4 Re6 22. Be7 Rg6 23. Qh4 dxe4 24. Bxf8 Nxf8 25. dxe4 Kh8 26. Qe7 Ne6 27. Nd6 Bc6 28.
Nxf7+ Kg8 29. Nxe5 Rf6 30. Nxc6 Qxc6 31. Nc4 Nd4 32.
Qd8+ Rf8 33. Qd5+ Qxd5 34. exd5 Nxb3 35. d6 Nd4 36. d7 Kf7 37. Nd6+ Kg6 38. Re8 Rf6 39.
d8=Q Nc6 40. Qd7 Nd4 41. Qg4+ Kh6 42. Nf5+ 1-0

[Event "*** Titled Tuesday Blitz"]
[Site "Chess.com"]
[Date "2020.04.28"]
[Round "2"]
[White "elohunter1999"]
[Black "chito89"]
[Result "0-1"]
[WhiteElo "2500"]
[BlackElo "2743"]
[TimeControl "180+1"]
[EndTime "10:17:28 PDT"]
[Termination "chito89 won by resignation"]

1. e4 g6 2. d4 Bg7 3. Nc3 d6 4. f4 Nf6 5. Nf3 O-O 6. e5 dxe5 7. fxe5 Nd5 8. Bc4 Nb6 9. Bb3 c5 10. dxc5 Qxd1+ 11. Nxd1 N6d7 12. e6 Nxc5 13. exf7+ Kh8 14. Bd5 Nbd7 15. Be3 Nb6 16. Bxc5 Nxd5 17. O-O Rxf7 18. Bd4 Bg4 19. Bxg7+ Kxg7 20. Nc3 Nxc3 21. bxc3 Bxf3 22. Rxf3 Rxf3 23. gxf3 Rc8 24. Rd1 Rc7 25. Rd3 Kf6 26. Kf2 Ke6 27. Ke3 Rc4 28. f4 Ra4 29. Rd4 Rxa2 30.
Re4+ Kf7 31. Kd3 Ra6 32. Rc4 Rd6+ 33. Ke4 Rc6 34. Rb4 Rxc3 35. Rxb7 Rxc2 36. Rxa7 Rxh2 37. f5 Rh4+ 38. Kf3 gxf5 39. Ra6 e6 40. Kg3 Rg4+ 41.
Kf3 Kf6 0-1

[Event "*** Titled Tuesday Blitz"]
[Site "Chess.com"]
[Date "2020.04.28"]
[Round "2"]
[White "PauloCesarCosta_sad"]
[Black "MaxVavulin"]
[Result "0-1"]
[WhiteElo "2123"]
[BlackElo "2606"]
[TimeControl "180+1"]
[EndTime "10:17:28 PDT"]
[Termination "MaxVavulin won on time"]

1. Nf3 Nf6 2. c4 b6 3. g3 c5 4. Bg2 Bb7 5. Nc3 g6 6. O-O Bg7 7. d4 cxd4 8. Qxd4 d6 9. Qh4 h6 10. Rd1 Nbd7 11. Be3 Rc8 12. Nd2 Bxg2 13. Kxg2 Ne5 14.
Nd5 Nfd7 15. Bd4 g5 16. Qh3 e6 17. Ne3 O-O 18. Nf3 f5 19. Nxe5 dxe5 20. Bc3 Qe8 21. Bb4 Rf7 22. b3 e4 23. Rd2 Bxa1 24. Qxh6 Bf6 0-1

[Event "*** Titled Tuesday Blitz"]
[Site "Chess.com"]
[Date "2020.04.28"]
[Round "2"]
[White "mohssenbinaddi"]
[Black "Bacyanide"]
[Result "1-0"]
[WhiteElo "2146"]
[BlackElo "2398"]
[TimeControl "180+1"]
[EndTime "10:17:28 PDT"]
[Termination "mohssenbinaddi won by checkmate"]

1. e4 c6 2. d4 d5 3. e5 c5 4. dxc5 Nc6 5. Bb5 e6 6. Be3 Bd7 7. Bxc6 Bxc6 8. c3 Ne7 9. b4 Nf5 10. Bd4 a5 11. a3 b6 12. cxb6 axb4 13. cxb4 Qg5 14. Nf3 Qxg2 15. Rg1 Qh3 16. Nbd2 Be7 17. Qc2 Ba4 18. Qc7 O-O 19. b7 Nxd4 20. Nxd4 Rae8 21. N2f3 Bh4 22. Rc1 h6 23. Rc3 Kh7 24. Ng5+ Bxg5 25. Rxh3 Bf4 26. Rg4 Bc1 27. Qxc1 Rb8 28. Rxg7+ Kxg7 29. Qxh6+ Kg8 30. Qh8# 1-0

[Event "*** Titled Tuesday Blitz"]
[Site "Chess.com"]
[Date "2020.04.28"]
[Round "2"]
[White "johnathan113"]
[Black "lifeissofun"]
[Result "0-1"]
[WhiteElo "2633"]
[BlackElo "2360"]
[TimeControl "180+1"]
[EndTime "10:17:29 PDT"]
[Termination "lifeissofun won on time"]

1. c4 Nf6 2. g3 e6 3. Nf3 d5 4. b3 dxc4 5. bxc4 Be7 6. Bg2 O-O 7. O-O Nbd7 8. Bb2 c5 9. Nc3 a6 10. e4 Qc7 11. Qe2 e5 12. Nh4 Nb8 13. Nd5 Nxd5 14.
cxd5 b5 15. Rac1 Qa5 16. Bxe5 Nd7 17. Ba1 Bxh4 18. gxh4 Qxa2 19. e5 Re8 20. f4 Ra7 21. h5 Bb7 22. h6 Bxd5 23. hxg7 Bc4 24. Qh5 Bd3 25. f5 Nxe5 26. Rce1 Rae7 27. f6 Nf3+ 28.
Qxf3 Rxe1 29. Rxe1 Rxe1+ 30. Kf2 Qxd2+ 0-1

[Event "*** Titled Tuesday Blitz"]
[Site "Chess.com"]
[Date "2020.04.28"]
[Round "2"]
[White "DishonorOnYourCow"]
[Black "Mischuk_D"]
[Result "0-1"]
[WhiteElo "2320"]
[BlackElo "2661"]
[TimeControl "180+1"]
[EndTime "10:17:30 PDT"]
[Termination "Mischuk_D won on time"]

1. d4 Nf6 2. c4 a6 3. Nc3 e6 4. Nf3 d5 5. cxd5 exd5 6. Bg5 Be6 7. e3 Nbd7 8. Bd3 Bd6 9. Qc2 c6 10. O-O Qb8 11. e4 dxe4 12. Nxe4 Nxe4 13. Bxe4 h6 14.
Bh4 O-O 15. Bg3 Nf6 16. Bd3 Bxg3 17. hxg3 Qd6 18. Rad1 Bd5 19. Ne5 Rad8 20. Bc4 Qb4 21. a3 Qb6 22. b4 Rfe8 23. Rfe1 Qc7 24. Bd3 Qb6 25. Bf5 a5 26. Qc3 axb4 27. axb4 Ra8 28. Qc5 Qxc5 29. dxc5 Kf8 30. Nd7+ Nxd7 31. Bxd7 Rxe1+ 32. Rxe1 g6 33. Rb1 f5 34. b5 Ke7 35. bxc6 bxc6 36.
Rb7 Ra1+ 37. Kh2 Kf6 38. Rc7 Rc1 39. Rc8 Rxc5 40. Be8 Rc2 41. Kg1 c5 42. Bb5 c4 43.
Rc5 Be6 44. Rc6 Ke7 45. Rc7+ Kd6 46. Rc6+ Kd5 47. Rc7 c3 48. Ba4 Rc1+ 49. Kh2 g5 50. Bb3+ Kd6 51. Rb7 Bxb3 52. Rxb3 Kd5 53. Rb8 Kd4 54.
Rd8+ Kc4 55. Rc8+ Kd3 56. Rd8+ Ke2 57. Rc8 Kxf2 58. Rf8 Ke2 0-1

[Event "*** Titled Tuesday Blitz"]
[Site "Chess.com"]
[Date "2020.04.28"]
[Round "2"]
[White "PawnEatingZombie"]
[Black "FrogMist"]
[Result "0-1"]
[WhiteElo "2112"]
[BlackElo "2404"]
[TimeControl "180+1"]
[EndTime "10:17:30 PDT"]
[Termination "FrogMist won by checkmate"]

1. d4 Nf6 2. c4 g6 3. Nc3 Bg7 4. e4 d6 5. Be2 O-O 6. Be3 e5 7. d5 a5 8. g4 Nfd7 9. h4 Na6 10. h5 Ndc5 11. f3 f5 12. hxg6 hxg6 13. gxf5 gxf5 14.
exf5 Bxf5 15. Nh3 Nb4 16. Kd2 c6 17. Qg1 Qf6 18. Qg5 Qf7 19. Rag1 cxd5 20. cxd5 Nxd5 21.
Nxd5 Qxd5+ 22. Kc1 Rf7 23. Qh4 Rc8 24. Qh8+ Kxh8 25.
Ng5+ Kg8 26. Nxf7 Nb3# 0-1

[Event "*** Titled Tuesday Blitz"]
[Site "Chess.com"]
[Date "2020.04.28"]
[Round "2"]
[White "swayamsm"]
[Black "aa175"]
[Result "0-1"]
[WhiteElo "2668"]
[BlackElo "2454"]
[TimeControl "180+1"]
[EndTime "10:17:31 PDT"]
[Termination "aa175 won by resignation"]

1. d4 Nf6 2. Nf3 d5 3. c4 g6 4. Nc3 Bg7 5. Bf4 O-O 6. e3 c5 7. dxc5 Qa5 8. Rc1 dxc4 9. Bxc4 Qxc5 10. Bb3 Bg4 11. h3 Qh5 12. O-O Bxf3 13. Qxf3 Qxf3 14. gxf3 Nc6 15. Rfd1 Rfd8 16. Bc7 Rxd1+ 17. Rxd1 Rc8 18.
Bh2 Na5 19. Ba4 Nc4 20. Rb1 Nd2 21. Rd1 Nxf3+ 22. Kg2 Nxh2 23. Kxh2 a6 24. Kg2 b5 25. Bb3 Ne8 26. Nd5 Kf8 27. Nb6 Rc6 28. Nd7+ Kg8 29. Nb8 Rd6 30. Rxd6 Nxd6 31. Nxa6 Bxb2 32. Nc7 e6 33. f4 Kf8 34. Kf3 Ke7 35. e4 Kd7 36.
Na6 Ba3 37. e5 Nf5 38. Ke4 Kc6 39. Bd1 Kb7 0-1

[Event "*** Titled Tuesday Blitz"]
[Site "Chess.com"]
[Date "2020.04.28"]
[Round "2"]
[White "1random"]
[Black "zivicd"]
[Result "0-1"]
[WhiteElo "2605"]
[BlackElo "2222"]
[TimeControl "180+1"]
[EndTime "10:17:31 PDT"]
[Termination "zivicd won on time"]

1. e4 c5 2. Nf3 e6 3. d4 cxd4 4. Bg5 Qc7 5. Nxd4 a6 6. Nc3 Nc6 7. Nxc6 bxc6 8. Bd3 d5 9. O-O Be7 10. Bxe7 Nxe7 11. Kh1 e5 12. Na4 O-O 13. c4 d4 14. b3 c5 15. Nb2 Bb7 16. Qg4 Ng6 17.
Be2 Nf4 18. Bf3 Rad8 19. g3 Bc8 20. Qh4 Ng6 21. Qh5 f5 22. Nd3 Bb7 0-1

[Event "*** Titled Tuesday Blitz"]
[Site "Chess.com"]
[Date "2020.04.28"]
[Round "2"]
[White "lilleper1"]
[Black "pedromartinez91"]
[Result "0-1"]
[WhiteElo "2720"]
[BlackElo "2412"]
[TimeControl "180+1"]
[EndTime "10:17:31 PDT"]
[Termination "pedromartinez91 won by resignation"]

1. d4 d5 2. c4 c6 3. Nf3 Nf6 4. Nbd2 Bf5 5. Nh4 Be4 6. Qb3 Qb6 7.
f3 Bg6 8. Nxg6 hxg6 9. cxd5 Qxb3 10. Nxb3 cxd5 11. e3 e6 12. Bd2 Nc6 13. Rc1 a6 14. Nc5 Bxc5 15. Rxc5 g5 16. g4 Nd7 17. Rc2 e5 18.
Bc3 exd4 19. exd4 Nf8 20. Kf2 Ne6 21. Bd3 Nf4 22. Rd2 Nxd3+ 23. Rxd3 Kd7 24. Re3 Rae8 25. Rxe8 Kxe8 26. Kg3 Kd7 27. Re1 f6 28. a4 b5 29.
axb5 axb5 30. Ra1 b4 31. Bd2 Re8 32. Kf2 Nxd4 33. Ra7+ Kc6 34. Bxb4 Re2+ 35. Kf1 Rxb2 36. Bf8 Ne6 37. Ba3 Rxh2 38. Ra6+ Kd7 39. Rd6+ Ke7 40. Rxd5+ Kf7 41. Bc1 Rh1+ 0-1

[Event "*** Titled Tuesday Blitz"]
[Site "Chess.com"]
[Date "2020.04.28"]
[Round "2"]
[White "CMS13"]
[Black "dimke2802"]
[Result "0-1"]
[WhiteElo "2146"]
[BlackElo "2501"]
[TimeControl "180+1"]
[EndTime "10:17:31 PDT"]
[Termination "dimke2802 won by resignation"]

1. e4 c5 2. Nc3 Nc6 3. Bb5 Nd4 4. Nf3 a6 5. Bd3 g6 6. O-O Bg7 7. Nxd4 cxd4 8. Ne2 d5 9. c3 dxc3 10. dxc3 dxe4 11. Bxe4 Qxd1 12. Rxd1 Nf6 13. Bc2 O-O 14.
Be3 Bg4 15. f3 Bd7 16. Bc5 Rfe8 17. Nf4 Bc6 18. a4 e5 19. Ne2 Bf8 20. Bxf8 Kxf8 21.
Ng3 Nd5 22. Kf2 f5 23. a5 Rad8 24. Ba4 Nf4 25. Bxc6 bxc6 26. b4 Ke7 27. Ne2 Nd3+ 28.
Kf1 Ke6 29. Rd2 Rd6 30. Rad1 Red8 31. Nc1 Nxc1 32. Rxd6+ Rxd6 33. Rxc1 Rd2 34. c4 Rb2 35. b5 cxb5 36. c5 Kd7 37. Rd1+ Kc7 38. Rd6 Kb7 39.
Rd7+ Kc6 40. Rd6+ Kxc5 41. Rxa6 b4 42. Ra7 b3 43. Rxh7 Ra2 44. Rb7 b2 45. Kg1 Ra1+ 46. Kf2 b1=Q 47. Rxb1 Rxb1 48. Kg3 Ra1 49. Kh4 Rxa5 50. Kg5 Ra6 51. h4 Kd4 52. h5 gxh5 53.
Kxf5 h4 54. Kg4 Rg6+ 55. Kxh4 Rxg2 56. Kh3 Rf2 57. Kg3 Ke3 58. f4 Rxf4 59. Kg2 Rf3 60. Kg1 0-1

[Event "*** Titled Tuesday Blitz"]
[Site "Chess.com"]
[Date "2020.04.28"]
[Round "2"]
[White "chessablanca"]
[Black "BronceYSueno"]
[Result "1-0"]
[WhiteElo "2436"]
[BlackElo "2186"]
[TimeControl "180+1"]
[EndTime "10:17:31 PDT"]
[Termination "chessablanca won by resignation"]

1. g3 c6 2. Bg2 g6 3. d4 Bg7 4.
c3 Nf6 5. e4 O-O 6. Ne2 d6 7. h3 Nbd7 8. Be3 e5 9. O-O b5 10. f4 Bb7 11. Nd2 Qe7 12. Qe1 a5 13. Qf2 Rfe8 14. a4 b4 15. fxe5 dxe5 16. Nc4 Ba6 17.
Nxe5 Nxe5 18. dxe5 Qxe5 19. Bd4 Qe6 20. Nf4 Qe7 21. Rfe1 Rad8 22. Rad1 Nd7 23. Kh2 bxc3 24. bxc3 Ne5 25. Bb6 Rxd1 26. Rxd1 Qf6 27. Bd4 g5 28. Nh5 Qxf2 29. Bxf2 Bf8 30. Nf6+ 1-0

[Event "*** Titled Tuesday Blitz"]
[Site "Chess.com"]
[Date "2020.04.28"]
[Round "2"]
[White "GiorgianBarbosa"]
[Black "Ali_rastbod"]
[Result "0-1"]
[WhiteElo "2302"]
[BlackElo "2593"]
[TimeControl "180+1"]
[EndTime "10:17:32 PDT"]
[Termination "Ali_rastbod won by resignation"]

1. Nf3 d5 2. g3 Bg4 3. Bg2 c6 4. O-O Nd7 5. d4 e6 6. c4 f5 7. b3 Ngf6 8. Ba3 Bxa3 9. Nxa3 Qe7 10. Nc2 O-O 11. Nce1 Ne4 12. Nd3 Rac8 13. Nfe5 Nc3 14.
Qd2 Nxe2+ 15. Kh1 Nxd4 16. Nxd7 Nf3 17. Qe3 d4 18. Qf4 g5 19. Qc1 Qxd7 20. h3 Bh5 21. Qd1 g4 22. Bxf3 gxf3 23. Qd2 f4 24. Rg1 Kh8 25.
g4 Bg6 26. Nxf4 e5 27. Nxg6+ hxg6 28. Rae1 Rce8 29. Qg5 e4 30. Qxg6 Qh7 31. Qd6 Qxh3+ 32. Qh2 Qxh2+ 33. Kxh2 Kg7 34. Kg3 d3 35. Rh1 d2 36. Rd1 Rd8 37. Rh5 Kg6 38. Re5 Rd4 39. Re6+ Rf6 40. Rxf6+ Kxf6 41. Kf4 c5 42. Ke3 Kg5 43.
Rg1 d1=Q 0-1

[Event "*** Titled Tuesday Blitz"]
[Site "Chess.com"]
[Date "2020.04.28"]
[Round "2"]
[White "Superfelix"]
[Black "IMinTheWings"]
[Result "1-0"]
[WhiteElo "2457"]
[BlackElo "2219"]
[TimeControl "180+1"]
[EndTime "10:17:32 PDT"]
[Termination "Superfelix won on time"]

1. e4 e6 2. d4 d5 3. exd5 exd5 4. Bd3 Bd6 5. Nf3 Ne7 6. O-O O-O 7. Re1 c6 8. Nbd2 Nd7 9. Nf1 h6 10. Ng3 Nf6 11.
c3 Qc7 12. Ne5 Bxe5 13. dxe5 Ng4 14. e6 Nf6 15. exf7+ Rxf7 16. f3 c5 17. Bc2 Nc6 18.
Bg6 Re7 19. Be3 b6 20. Bf2 Ne5 21. Bf5 Ba6 22. b3 Rae8 23. Qd2 Kf7 24. Rad1 g6 25.
Qxh6 gxf5 26. Nxf5 Rd7 27. Bg3 Ke6 28. Rxe5+ Qxe5 29. Bxe5 Kxe5 30. Re1+ Kxf5 31. g4+ Nxg4 32. fxg4+ Kxg4 33.
Rxe8 Bd3 34. Rg8+ Kf3 35. Rf8+ Ke2 36. Rf2+ 1-0

[Event "*** Titled Tuesday Blitz"]
[Site "Chess.com"]
[Date "2020.04.28"]
[Round "2"]
[White "Warerman"]
[Black "AcsinteMatei"]
[Result "0-1"]
[WhiteElo "2454"]
[BlackElo "2265"]
[TimeControl "180+1"]
[EndTime "10:17:33 PDT"]
[Termination "AcsinteMatei won by resignation"]

1. d4 Nf6 2. c4 e6 3. Nc3 Bb4 4. e3 O-O 5. Bd3 d5 6. Nf3 b6 7. O-O Ba6 8. cxd5 Bxd3 9. Qxd3 exd5 10. Rd1 Nbd7 11. a3 Bd6 12. b4 a5 13. b5 Qe7 14.
a4 Bb4 15. Bb2 Qe6 16. Ne2 Ne4 17. Rac1 Bd6 18. Nf4 Bxf4 19. exf4 Qd6 20. Ne5 f6 21. Nxd7 Qxd7 22. f3 Nd6 23. Ba3 Rfe8 24. Bxd6 Qxd6 25.
Rc6 Qxf4 26. Rdc1 Re3 27. Qd1 Rae8 28. Kf2 Qh4+ 29. Kf1 Qxh2 30. Rxc7 Qh1+ 31. Kf2 Re2+ 32. Qxe2 Rxe2+ 33. Kxe2 Qxg2+ 34. Ke3 Qg5+ 35. Ke2 h5 36. Rd7 Qxc1 0-1

[Event "*** Titled Tuesday Blitz"]
[Site "Chess.com"]
[Date "2020.04.28"]
[Round "2"]
[White "GMStefanova"]
[Black "GMaka"]
[Result "1-0"]
[WhiteElo "2660"]
[BlackElo "2319"]
[TimeControl "180+1"]
[EndTime "10:17:34 PDT"]
[Termination "GMStefanova won by resignation"]

1. Nf3 Nf6 2. g3 g6 3. Bg2 Bg7 4. O-O O-O 5. d4 d5 6. Bf4 c6 7. Qc1 Re8 8. Rd1 Bf5 9. c4 Nbd7 10. Ne5 Be4 11. f3 Bxb1 12. Rxb1 Qa5 13. a3 Rac8 14. g4 Nxe5 15. Bxe5 Nd7 16. Bxg7 Kxg7 17. e4 dxe4 18. fxe4 c5 19. b4 cxb4 20. axb4 Qa2 21. c5 Nf6 22. g5 Nh5 23. Rb2 Qe6 24. Qc3 Qg4 25.
d5+ f6 26. gxf6+ exf6 27. Qf3 Qg5 28. d6 Rcd8 29. Rf2 a6 30. Kh1 Qe5 31. Rd5 Qa1+ 32. Rf1 Qb2 33. Bh3 Re5 34. Rxe5 Qxe5 35. Bg4 Kf7 36.
Bxh5 gxh5 37. Rg1 Re8 38. d7 Rd8 39. Qb3+ Qe6 40. Rg7+ Kxg7 41. Qxe6 1-0

[Event "*** Titled Tuesday Blitz"]
[Site "Chess.com"]
[Date "2020.04.28"]
[Round "2"]
[White "kingofthenil"]
[Black "calin_dragomirescu"]
[Result "1-0"]
[WhiteElo "2468"]
[BlackElo "2248"]
[TimeControl "180+1"]
[EndTime "10:17:35 PDT"]
[Termination "kingofthenil won by resignation"]

1. e4 g6 2. d4 Bg7 3. Nc3 d6 4. g4 a6 5. Bg2 b5 6. Be3 Bb7 7. h4 b4 8. Nce2 Nf6 9. Ng3 h5 10. g5 Nfd7 11. f4 c5 12. Nf3 Nc6 13. Qd2 O-O 14.
O-O cxd4 15. Nxd4 Nxd4 16. Bxd4 Bxd4+ 17. Qxd4 Qb6 18. Rfd1 Qxd4+ 19. Rxd4 Rfc8 20. Rxb4 Rab8 21. c3 Ba8 22. Rxb8 Rxb8 23. b3 Nc5 24. Kf2 a5 25.
Ke3 Kg7 26. Rd1 Kf8 27. f5 Nd7 28. f6 Ne5 29. Bh3 Rb6 30. Ne2 e6 31. Nf4 Ke8 32. Nd3 Nxd3 33. Rxd3 Rc6 34. c4 a4 35. Bg2 e5 36. Bf3 Kd7 37. Bd1 axb3 38. axb3 Rb6 39. c5 Rc6 40. b4 Ra6 41. Rxd6+ Rxd6 42. cxd6 Kxd6 43. Bb3 1-0

[Event "*** Titled Tuesday Blitz"]
[Site "Chess.com"]
[Date "2020.04.28"]
[Round "2"]
[White "MathiasWomacka"]
[Black "archess2"]
[Result "1-0"]
[WhiteElo "2452"]
[BlackElo "2215"]
[TimeControl "180+1"]
[EndTime "10:17:36 PDT"]
[Termination "MathiasWomacka won by resignation"]

1. e4 c6 2. d4 d5 3. Nd2 dxe4 4.
Nxe4 Bf5 5. Ng3 Bg6 6. h4 h6 7. Nf3 Nd7 8. h5 Bh7 9. Bd3 Bxd3 10. Qxd3 e6 11. Bd2 Ngf6 12. O-O-O Bd6 13. Ne4 Nxe4 14. Qxe4 Nf6 15. Qe2 Bc7 16. g4 Qd5 17. c4 Qe4 18.
Qxe4 Nxe4 19. Be3 O-O-O 20. Ne5 Rhf8 21. f3 Nf6 22. Kc2 c5 23. f4 Bxe5 24. dxe5 Nxg4 25. Bxc5 b6 26. Bxf8 Ne3+ 27. Kc1 Nxd1 28. Bxg7 Nf2 29. Rf1 Nd3+ 30. Kc2 Nb4+ 31. Kc3 a5 32. Rf3 Nxa2+ 33.
Kb3 Nc1+ 34. Kc2 Ne2 35. Rd3 Rxd3 36. Kxd3 Nxf4+ 37. Ke4 Nxh5 38. Bxh6 Ng3+ 39. Kd3 Kd7 40. Bg5 Kc6 41. Be7 Nf5 42. Bd8 Nh4 43. Bxh4 Kc5 44.
Kc3 b5 45. Be7+ Kc6 46. cxb5+ Kxb5 47. Kb3 a4+ 48. Ka3 Ka5 49. Bd8+ Kb5 50. Bc7 1-0

[Event "*** Titled Tuesday Blitz"]
[Site "Chess.com"]
[Date "2020.04.28"]
[Round "2"]
[White "vaps"]
[Black "Macron20hTF1"]
[Result "1-0"]
[WhiteElo "1967"]
[BlackElo "2342"]
[TimeControl "180+1"]
[EndTime "10:17:36 PDT"]
[Termination "vaps won by resignation"]

1. Nf3 f5 2. d4 Nf6 3. c4 g6 4.
g3 Bg7 5. Bg2 O-O 6. O-O d6 7.
Nc3 Nc6 8. d5 Ne5 9. Nd4 Nxc4 10. Qb3 Nb6 11. Bf4 h6 12. h4 Kh7 13. Ne6 Bxe6 14.
dxe6 c6 15. a4 a5 16. e4 fxe4 17. Nxe4 Nxe4 18. Bxe4 d5 19. Bc2 Rf6 20. Rae1 Kh8 21. Be5 Rf8 22. Qe3 Kg8 23. Bxg7 Kxg7 24. Qd4+ Rf6 25.
g4 Kg8 26. g5 hxg5 27. hxg5 Rf3 28. Bxg6 Nc4 29. Qh4 1-0